[Event "Titled Tuesday Blitz August 1 Early 2023"]
[White "Dvirnyy, Danyyil"]
[Black "Vlassov, Nikolai"]
[WhiteFideId "817570"]
[BlackFideId "4103360"]
[WhiteElo "2781"]
[BlackElo "2540"]
[Result "1-0"]
[Round "2"]
[TimeControl "180+1"]
[Date "2023.08.01"]
[WhiteClock "0:00:32"]
[BlackClock "0:00:04"]
[Board "55"]

1. Nf3 c5 2. g3 Nc6 3. Bg2 e5 4. e4 g5 5. d4 cxd4 6. Nxg5 Be7 7. Qh5 Bxg5 8. Bxg5 Qb6 9. O-O d6 10. Nd2 Be6 11. c3 dxc3 12. bxc3 Nge7 13. Rab1 Qc7 14. Rb2 O-O-O 15. Rfb1 Rd7 16. Bf6 Re8 17. Qxh7 d5 18. h4 Ng8 19. Qg7 Nxf6 20. Qxf6 d4 21. cxd4 Rxd4 22. Nf3 Rd6 23. Rxb7 Qxb7 24. Rxb7 Kxb7 25. Nxe5 Nxe5 26. Qxe5 Rd1+ 27. Kh2 Red8 28. Qb5+ Kc7 29. e5 R8d2 30. Qb7+ Kd8 31. Qxa7 Rxa2 32. Qb8+ Ke7 33. Qb4+ Ke8 34. Bc6+ Bd7 35. Bxd7+ Kxd7 36. Qg4+ Ke7 37. Qxd1 Rxf2+ 38. Kh3 Rf5 39. Qd6+ Ke8 40. e6 1-0


[Site "https://www.chess.com"]

[Event "Titled Tuesday Blitz August 1 Early 2023"]
[White "Krzyzanowski, Marcin"]
[Black "Ibadov, Dashgyn"]
[WhiteFideId "1132199"]
[BlackFideId "24107514"]
[WhiteElo "2779"]
[BlackElo "2536"]
[Result "1-0"]
[Round "2"]
[TimeControl "180+1"]
[Date "2023.08.01"]
[WhiteClock "0:00:05"]
[BlackClock "0:01:04"]
[Board "56"]

1. e4 e6 2. d4 d5 3. Nc3 Nf6 4. e5 Nfd7 5. Nce2 c5 6. c3 Nc6 7. Nf3 cxd4 8. cxd4 f6 9. exf6 Nxf6 10. g3 Bd6 11. Bg2 O-O 12. O-O Bd7 13. Bf4 Bxf4 14. Nxf4 Ne4 15. Nd3 Be8 16. h3 Bh5 17. g4 Bg6 18. Nde5 Qd6 19. Rc1 Rf4 20. Qb3 Nxd4 21. Nxd4 Qxe5 22. Qxb7 Raf8 23. Nc6 Qf6 24. Ne7+ Kh8 25. Nxg6+ hxg6 26. Bxe4 Rxe4 27. Qxa7 Qxb2 28. Rb1 Qe2 29. Qe7 Ref4 30. Rb7 Qe5 31. Qh4+ Kg8 32. Qg3 d4 33. Qd3 Rf3 34. Qxg6 Rxh3 35. Rxg7+ Qxg7 36. Qxe6+ Kh8 37. Kg2 Rhf3 38. Rh1+ Qh7 39. Rxh7+ Kxh7 40. Qe4+ Kg8 41. Qxf3 1-0


[Site "https://www.chess.com"]

[Event "Titled Tuesday Blitz August 1 Early 2023"]
[White "Fiorito, Francisco"]
[Black "Remizov, Yaroslav"]
[WhiteFideId "180165"]
[BlackFideId "34134015"]
[WhiteElo "2535"]
[BlackElo "2773"]
[Result "0-1"]
[Round "2"]
[TimeControl "180+1"]
[Date "2023.08.01"]
[WhiteClock "0:00:02"]
[BlackClock "0:00:24"]
[Board "57"]

1. e4 c6 2. d3 d5 3. Qe2 dxe4 4. dxe4 e5 5. g3 Nf6 6. Bg2 Bc5 7. Nf3 Qc7 8. h3 O-O 9. O-O a5 10. Bg5 Ne8 11. Nbd2 Be6 12. Nc4 f6 13. Bd2 b5 14. Ne3 Nd6 15. Nh4 Nc4 16. Nhf5 g6 17. Nh6+ Kg7 18. Rfd1 Nxd2 19. Qxd2 Na6 20. Nhg4 Rad8 21. Qe1 h5 22. Nh2 Nb4 23. a3 Na6 24. Nf3 a4 25. Nh4 Bd4 26. c3 Bb6 27. Qe2 Nc5 28. Qf3 Qf7 29. Kh2 Nb3 30. Rxd8 Rxd8 31. Re1 Nd2 32. Qe2 Nc4 33. Nxc4 Bxc4 34. Qc2 Qd7 35. Kg1 Qd2 36. Rc1 Bxf2+ 37. Kh2 Bxg3+ 38. Kxg3 Qf4# 0-1


[Site "https://www.chess.com"]

[Event "Titled Tuesday Blitz August 1 Early 2023"]
[White "Gorovets, Andrey"]
[Black "Wartiovaara, Oliver"]
[WhiteFideId "13504037"]
[BlackFideId "513024"]
[WhiteElo "2770"]
[BlackElo "2535"]
[Result "1-0"]
[Round "2"]
[TimeControl "180+1"]
[Date "2023.08.01"]
[WhiteClock "0:02:24"]
[BlackClock "0:01:57"]
[Board "58"]

1. Nf3 c5 2. c4 g6 3. d4 cxd4 4. Nxd4 Bg7 5. g3 Nc6 6. Nc2 e6 7. Bg2 Nge7 8. Nc3 O-O 9. O-O a6 10. a4 d6 11. Ne3 Qc7 12. Bd2 b6 13. Rc1 Bb7 14. Ncd5 Qd7 15. Nxb6 1-0


[Site "https://www.chess.com"]

[Event "Titled Tuesday Blitz August 1 Early 2023"]
[White "Vyatkin, Dmitry"]
[Black "Kushko, Dmitriy"]
[WhiteFideId "4171900"]
[BlackFideId "14162261"]
[WhiteElo "2534"]
[BlackElo "2767"]
[Result "0-1"]
[Round "2"]
[TimeControl "180+1"]
[Date "2023.08.01"]
[WhiteClock "0:00:00"]
[BlackClock "0:00:19"]
[Board "59"]

1. d4 g6 2. c4 Bg7 3. g3 d6 4. Bg2 Nf6 5. Nc3 O-O 6. Nf3 Nc6 7. O-O e5 8. d5 Nb8 9. e4 a5 10. Ne1 Na6 11. Nd3 Nd7 12. f4 exf4 13. gxf4 f5 14. exf5 Rxf5 15. Be3 Ndc5 16. Nb5 Nxd3 17. Qxd3 Bxb2 18. Rae1 Nc5 19. Qc2 Bg7 20. Nd4 Rf8 21. f5 Bxd4 22. Bxd4 Bxf5 23. Qd2 Qd7 24. Ba1 h5 25. Qd4 Kh7 26. Re3 Rae8 27. Rfe1 Rxe3 28. Rxe3 Qf7 29. h3 Nd7 30. Qh4 Re8 31. Bd4 Rxe3 32. Bxe3 b6 33. Qg5 Ne5 34. Qh6+ Kg8 35. Bd4 Qg7 36. Qf4 Kh7 37. Kh2 Qe7 38. Bc3 Qf6 39. Bd4 Kg7 40. Bc3 Bd7 0-1


[Site "https://www.chess.com"]

[Event "Titled Tuesday Blitz August 1 Early 2023"]
[White "Tristan, Leonardo"]
[Black "Heinemann, Josefine"]
[WhiteFideId "113816"]
[BlackFideId "12900460"]
[WhiteElo "2765"]
[BlackElo "2534"]
[Result "1-0"]
[Round "2"]
[TimeControl "180+1"]
[Date "2023.08.01"]
[WhiteClock "0:00:36"]
[BlackClock "0:00:12"]
[Board "60"]

1. d4 Nf6 2. Nf3 d5 3. Bf4 c5 4. e3 Nc6 5. Nbd2 Qb6 6. dxc5 Qxb2 7. Rb1 Qc3 8. Bb5 g6 9. O-O Bg7 10. Ne5 Bd7 11. Nd3 O-O 12. Bxc6 Bxc6 13. Be5 Qa5 14. Nb3 Qd8 15. Nd4 Ne4 16. Nxc6 bxc6 17. Rb7 Nxc5 18. Nxc5 Bxe5 19. Nd7 Qc8 20. Qb1 Bd6 21. Nxf8 Qxf8 22. c4 dxc4 23. Rc1 Qh6 24. h3 Qh4 25. Qc2 c5 26. Qxc4 Qf6 27. Qd5 Rd8 28. g3 a5 29. Kg2 a4 30. Ra7 Qb2 31. Rd1 Rb8 32. Rxa4 Qc2 33. Ra8 Rxa8 34. Qxa8+ Kg7 35. Qd5 c4 36. Qd2 Qa4 37. Rc1 Be5 38. Qc2 Qxc2 39. Rxc2 c3 40. a4 Kf8 41. a5 Ke8 42. a6 1-0


[Site "https://www.chess.com"]

[Event "Titled Tuesday Blitz August 1 Early 2023"]
[White "Ismagilov, Damir"]
[Black "Kobo, Ori"]
[WhiteFideId "34199982"]
[BlackFideId "2812320"]
[WhiteElo "2534"]
[BlackElo "2762"]
[Result "0-1"]
[Round "2"]
[TimeControl "180+1"]
[Date "2023.08.01"]
[WhiteClock "0:00:01"]
[BlackClock "0:00:32"]
[Board "61"]

1. d4 Nf6 2. c4 g6 3. Nc3 Bg7 4. e4 d6 5. Be2 O-O 6. Nf3 e5 7. O-O Na6 8. Be3 Ng4 9. Bg5 f6 10. Bc1 c6 11. Rb1 Qe7 12. b4 Nc7 13. a4 f5 14. h3 Nf6 15. c5 Nxe4 16. Nxe4 fxe4 17. cxd6 Qxd6 18. Nxe5 Nd5 19. Qc2 Bf5 20. g4 Be6 21. Bc4 Rae8 22. Qb3 Bxe5 23. dxe5 Qxe5 24. Bb2 Qg5 25. Bxd5 Bxd5 26. Qc3 Re7 27. b5 Rf3 28. Qh8+ Kf7 29. Qxh7+ Ke8 30. Qh8+ Rf8 31. Qc3 Qh4 32. Qg3 Qxg3+ 33. fxg3 Rxf1+ 34. Rxf1 e3 35. Re1 cxb5 36. axb5 Bc4 37. Bd4 e2 38. Bxa7 Bxb5 39. h4 Re4 40. g5 Bd3 41. Kf2 b5 42. Be3 b4 43. Rc1 b3 44. Rc8+ Kd7 45. Rb8 Rxe3 46. Kxe3 e1=Q+ 47. Kxd3 Qxg3+ 48. Kc4 Qxb8 0-1


[Site "https://www.chess.com"]

[Event "Titled Tuesday Blitz August 1 Early 2023"]
[White "Cherniaiev, Tykhon"]
[Black "SmirnovAlexandrA"]
[WhiteFideId "14182360"]
[WhiteElo "2761"]
[BlackElo "2533"]
[Result "1-0"]
[Round "2"]
[TimeControl "180+1"]
[Date "2023.08.01"]
[WhiteClock "0:01:12"]
[BlackClock "0:00:22"]
[Board "62"]

1. Nf3 Nf6 2. d4 g6 3. c4 Bg7 4. g3 O-O 5. Bg2 c5 6. O-O cxd4 7. Nxd4 Nc6 8. Nc3 Nxd4 9. Qxd4 d6 10. b3 Qa5 11. Bb2 Nd5 12. Qxd5 Bxc3 13. Qxa5 Bxa5 14. Rac1 Rb8 15. Bd4 a6 16. Ba7 Ra8 17. Be3 Rb8 18. c5 dxc5 19. Bxc5 Re8 20. Ba7 Ra8 21. Bd4 f6 22. Rfd1 e5 23. Be3 e4 24. Rd5 Bb4 25. Rc4 Be6 26. Bxe4 Bf8 27. Rc7 Bxd5 28. Bxd5+ Kh8 29. Bxb7 Rad8 30. Bxa6 Re7 31. Rc6 Kg7 32. Bc4 Red7 33. a4 Rd6 34. Rc7+ R6d7 35. Rxd7+ Rxd7 36. a5 Rc7 37. a6 Bc5 38. Bxc5 Rxc5 39. Bd3 Kf7 40. b4 Rc1+ 41. Kg2 Ra1 42. b5 Ke7 43. b6 Kd7 44. a7 Kc6 45. Be4+ 1-0


[Site "https://www.chess.com"]

[Event "Titled Tuesday Blitz August 1 Early 2023"]
[White "Thecourseoisildur"]
[Black "Aradhya, Garg"]
[BlackFideId "25006746"]
[WhiteElo "2533"]
[BlackElo "2760"]
[Result "1/2-1/2"]
[Round "2"]
[TimeControl "180+1"]
[Date "2023.08.01"]
[WhiteClock "0:00:14"]
[BlackClock "0:00:47"]
[Board "63"]

1. d4 d5 2. c4 e6 3. Nf3 Nf6 4. g3 dxc4 5. Bg2 Nbd7 6. O-O c6 7. a4 b6 8. Qc2 Ba6 9. Nfd2 Rc8 10. Nxc4 c5 11. dxc5 Bxc5 12. Nbd2 O-O 13. b3 Ng4 14. Bb2 Qe7 15. e3 Nde5 16. Bxe5 Nxe5 17. Nxe5 Bxf1 18. Rxf1 Bxe3 19. Nc6 Qc5 20. Qxc5 Bxc5 21. b4 Bd6 22. Nc4 Rxc6 23. Bxc6 Bxb4 24. Rd1 g6 25. Rd7 Rc8 26. Bb5 Ra8 27. Ne5 Bc5 28. Nxf7 Rf8 29. Bc4 Re8 30. Ng5 Re7 31. Bxe6+ Kg7 32. Rxe7+ Bxe7 33. Bc4 Bxg5 34. Kf1 Be7 35. Ke2 Bc5 36. f3 Kf6 37. h3 h6 38. Kd3 g5 39. Ke4 Bf2 40. g4 Bg3 41. Kd5 Ke7 42. Kc6 Bf2 43. Kd5 Kf6 44. Ke4 Kg6 45. Bd3 Kf6 46. Kd5 a5 47. Bb5 Be3 48. Bd3 Bf4 49. Bb5 Be3 50. Bd3 Bc5 51. Bb5 Kg7 52. Ke6 Kg6 53. Bd3+ Kg7 54. Be4 Bb4 55. Bd3 Bc5 56. Bb5 Bb4 57. Bd3 Bc5 1/2-1/2


[Site "https://www.chess.com"]

[Event "Titled Tuesday Blitz August 1 Early 2023"]
[White "djokovic74"]
[Black "Toropov, Pavel"]
[BlackFideId "24129178"]
[WhiteElo "2760"]
[BlackElo "2531"]
[Result "1/2-1/2"]
[Round "2"]
[TimeControl "180+1"]
[Date "2023.08.01"]
[WhiteClock "0:00:04"]
[BlackClock "0:00:18"]
[Board "64"]

1. e4 e6 2. d4 d5 3. Nd2 dxe4 4. Nxe4 Nd7 5. Nf3 Ngf6 6. Nxf6+ Nxf6 7. c3 Be7 8. Bd3 O-O 9. O-O b6 10. Ne5 Bb7 11. Qe2 Qd5 12. f3 c5 13. Bc4 Qd8 14. Be3 Qc7 15. Rad1 Bd6 16. Bf2 Rad8 17. Rfe1 Nd5 18. g3 Rfe8 19. Bd3 cxd4 20. Bxd4 f6 21. Ng4 h5 22. Ne3 Nxe3 23. Bxe3 Bxg3 24. hxg3 Qxg3+ 25. Qg2 Qxf3 26. Qxf3 Bxf3 27. Rd2 Kf7 28. Kf2 Bc6 29. Be2 Rxd2 30. Bxd2 g6 31. Rf1 h4 32. Kg1 Ke7 33. Be3 g5 34. Kh2 Rg8 35. Rg1 Kf7 36. Bh5+ Ke7 37. Be2 Rd8 38. c4 Rc8 39. b4 Rd8 40. Ra1 Rg8 41. Rg1 Rd8 42. a3 Kf7 43. Bh5+ Kg7 44. Be2 Kg6 45. b5 Be4 46. a4 Rc8 47. Ra1 Rd8 48. a5 bxa5 49. Rxa5 f5 50. Rxa7 g4 51. b6 e5 52. b7 Rb8 53. c5 Rxb7 54. Rxb7 Bxb7 55. Bb5 f4 56. Bc1 g3+ 57. Kg1 h3 58. c6 Bc8 59. Bd3+ Kf6 60. Be4 h2+ 61. Kg2 Ke6 62. Bb2 Kd6 63. Bc3 Be6 64. Bb4+ Kc7 65. Ba5+ Kd6 66. Bb4+ Kc7 67. Bc3 Kd6 68. Bb4+ 1/2-1/2


[Site "https://www.chess.com"]

[Event "Titled Tuesday Blitz August 1 Early 2023"]
[White "Perez, Maximiliano"]
[Black "Stribuk, Artiom"]
[WhiteFideId "117234"]
[BlackFideId "13515659"]
[WhiteElo "2530"]
[BlackElo "2759"]
[Result "1-0"]
[Round "2"]
[TimeControl "180+1"]
[Date "2023.08.01"]
[WhiteClock "0:00:38"]
[BlackClock "0:00:00"]
[Board "65"]

1. e4 c5 2. Nf3 d6 3. g3 Nc6 4. Bg2 Nf6 5. d3 Bg4 6. h3 Bh5 7. O-O e6 8. c3 Be7 9. Re1 O-O 10. a4 d5 11. Nbd2 Qc7 12. Nf1 Rfd8 13. Qc2 c4 14. exd5 cxd3 15. Qxd3 Rxd5 16. Qc4 Rad8 17. Bf4 Qb6 18. b4 Rd3 19. Be3 Qc7 20. Nd4 Rxe3 21. Nxe3 Rc8 22. Nxc6 bxc6 23. Nc2 Nd5 24. Nd4 Bf6 25. Rac1 h6 26. b5 cxb5 27. Qxc7 Nxc7 28. axb5 Rd8 29. Nc6 Rd2 30. Nxa7 Be7 31. b6 Na6 32. Re5 Bg6 33. b7 Rb2 34. Rb5 Rxb5 35. Nxb5 1-0


[Site "https://www.chess.com"]

[Event "Titled Tuesday Blitz August 1 Early 2023"]
[White "Starozhilov, Leonid"]
[Black "NigelDwarf"]
[WhiteFideId "14106752"]
[WhiteElo "2758"]
[BlackElo "2529"]
[Result "1-0"]
[Round "2"]
[TimeControl "180+1"]
[Date "2023.08.01"]
[WhiteClock "0:00:05"]
[BlackClock "0:00:07"]
[Board "66"]

1. e4 c5 2. Nf3 d6 3. Bb5+ Nd7 4. O-O a6 5. Bxd7+ Bxd7 6. Re1 Nf6 7. c3 Bc6 8. d4 cxd4 9. cxd4 d5 10. e5 Ne4 11. e6 fxe6 12. Ne5 g6 13. Qg4 Qd6 14. Bf4 Nf6 15. Qh3 Nh5 16. Bd2 Bg7 17. Nc3 O-O 18. a3 Bxe5 19. Rxe5 Rf5 20. Rae1 Raf8 21. f3 Ng7 22. Bh6 Bd7 23. Bxg7 Kxg7 24. Qg3 Qb6 25. Qf2 Kg8 26. h4 Rf4 27. Ne2 R4f5 28. Rxf5 Rxf5 29. Nc1 Rf4 30. Rd1 Ba4 31. Rd2 Bb5 32. g3 Rf7 33. Qe3 Qc7 34. Rg2 Bc4 35. Kh2 Bb5 36. Nb3 Qc4 37. Nd2 Qc2 38. Rf2 Qxb2 39. Ne4 dxe4 40. Rxb2 exf3 41. Qf2 Be2 42. Rxe2 fxe2 43. Qxe2 1-0


[Site "https://www.chess.com"]

[Event "Titled Tuesday Blitz August 1 Early 2023"]
[White "Volovich, Vasily"]
[Black "Malka, Samuel"]
[WhiteFideId "34169676"]
[BlackFideId "20643675"]
[WhiteElo "2753"]
[BlackElo "2529"]
[Result "0-1"]
[Round "2"]
[TimeControl "180+1"]
[Date "2023.08.01"]
[WhiteClock "0:00:00"]
[BlackClock "0:00:07"]
[Board "67"]

1. e4 c5 2. Nf3 Nc6 3. Bb5 d6 4. O-O Bd7 5. Re1 Nf6 6. c3 a6 7. Bd3 e5 8. h3 g5 9. Be2 g4 10. hxg4 Bxg4 11. d3 Rg8 12. Nbd2 Bh6 13. Nf1 Bxc1 14. Qxc1 Qd7 15. Qh6 Rg6 16. Qh4 Nh5 17. g3 Nf4 18. N1h2 h5 19. Nxg4 Rxg4 20. Qf6 Nxe2+ 21. Rxe2 Rg8 22. Kg2 Qe7 23. Qxe7+ Kxe7 24. Rh1 Rh8 25. Rh4 Rag8 26. Re1 Nd8 27. Reh1 Ne6 28. Kf1 Ng7 29. Ke2 Rh6 30. Nd2 Rgh8 31. Nc4 b5 32. Ne3 Ke6 33. g4 f6 34. Nd5 Kf7 35. Nc7 Ke7 36. Nd5+ Kf7 37. f4 Ne6 38. fxe5 fxe5 39. Rxh5 Rxh5 40. gxh5 Rh6 41. Kf3 Ng5+ 42. Kg4 Ne6 43. Rf1+ Kg7 44. Ne7 Rh8 0-1


[Site "https://www.chess.com"]

[Event "Titled Tuesday Blitz August 1 Early 2023"]
[White "NovozhilovSemen"]
[Black "Mikhailovsky, Vladimir"]
[BlackFideId "34105414"]
[WhiteElo "2526"]
[BlackElo "2753"]
[Result "1-0"]
[Round "2"]
[TimeControl "180+1"]
[Date "2023.08.01"]
[WhiteClock "0:00:55"]
[BlackClock "0:00:01"]
[Board "68"]

1. d4 d6 2. e4 Nf6 3. Nc3 Nbd7 4. Nf3 e5 5. h3 c6 6. a4 g6 7. Be3 Bg7 8. Qd2 O-O 9. dxe5 dxe5 10. Bc4 Qc7 11. Rd1 Nh5 12. O-O Nf4 13. Kh2 Nb6 14. Bb3 Be6 15. Qd6 Qxd6 16. Rxd6 Nc4 17. Bxc4 Bxc4 18. Rfd1 h6 19. g3 Ne6 20. b3 Ba6 21. Na2 Rfe8 22. Nb4 Bf8 23. Nxa6 Bxd6 24. Rxd6 bxa6 25. Rxc6 Nd4 26. Nxd4 exd4 27. Bxd4 Rxe4 28. Be3 Re6 29. Rc7 g5 30. g4 Rd8 31. Bxa7 Rd2 32. Kg3 Rd1 33. c3 Rg1+ 34. Kh2 Rb1 35. b4 Ree1 36. Bd4 Re8 37. Rc6 Ra1 38. Rxh6 Rxa4 39. Rh8# 1-0


[Site "https://www.chess.com"]

[Event "Titled Tuesday Blitz August 1 Early 2023"]
[White "Xu, Yi"]
[Black "Souleidis, Georgios"]
[WhiteFideId "8605564"]
[BlackFideId "4206827"]
[WhiteElo "2752"]
[BlackElo "2525"]
[Result "1-0"]
[Round "2"]
[TimeControl "180+1"]
[Date "2023.08.01"]
[WhiteClock "0:00:03"]
[BlackClock "0:00:00"]
[Board "69"]

1. d4 Nf6 2. c4 g6 3. Nc3 Bg7 4. e4 d6 5. Nf3 O-O 6. h3 e5 7. d5 Na6 8. Be3 Nh5 9. Nd2 Qe8 10. g3 f5 11. exf5 gxf5 12. Be2 Nf6 13. Qc2 c6 14. O-O-O cxd5 15. cxd5 Bd7 16. Nc4 Qe7 17. Kb1 Rfc8 18. Na5 Nc5 19. g4 Nce4 20. Rd3 f4 21. Bc1 Nxf2 22. Re1 e4 23. Rd4 Nxh3 24. Bf1 Ng5 25. Qb3 Nf3 26. Rdxe4 Nxe4 27. Rxe4 Qf6 28. Rxf4 Qg6+ 29. Ka1 Nd4 30. Qd1 Nb5 31. Bxb5 Bxb5 32. Nxb5 a6 33. Nc3 Bxc3 34. bxc3 Rxc3 35. Bb2 Rc7 36. Nb3 Rac8 37. Rf1 a5 38. Qb1 a4 39. Qxg6+ hxg6 40. Nd4 Rc4 41. Ne6 Rxg4 42. Rh1 1-0


[Site "https://www.chess.com"]

[Event "Titled Tuesday Blitz August 1 Early 2023"]
[White "Matinian, Nikita"]
[Black "Martinez Reyes, Pedro Ramon"]
[WhiteFideId "24129100"]
[BlackFideId "3901807"]
[WhiteElo "2741"]
[BlackElo "2523"]
[Result "1-0"]
[Round "2"]
[TimeControl "180+1"]
[Date "2023.08.01"]
[WhiteClock "0:01:00"]
[BlackClock "0:00:01"]
[Board "70"]

1. e4 c5 2. Nf3 e6 3. d4 cxd4 4. Nxd4 Nc6 5. Nc3 a6 6. Be3 Nge7 7. Nb3 d6 8. h4 Qc7 9. h5 h6 10. f4 Bd7 11. Qf3 b5 12. O-O-O Nc8 13. e5 d5 14. Qg3 Nb6 15. Nc5 b4 16. Nxd7 Nxd7 17. Na4 Qa5 18. b3 Na7 19. f5 exf5 20. Bd3 Nc6 21. Bxf5 Ndxe5 22. Bb6 Qb5 23. Rhe1 f6 24. Bg6+ Kd7 25. Bc5 Bxc5 26. Rxd5+ Kc7 27. Rxc5 Qb7 28. Rexe5 fxe5 29. Qxe5+ Kc8 30. Bf5+ 1-0


[Site "https://www.chess.com"]

[Event "Titled Tuesday Blitz August 1 Early 2023"]
[White "Gontcharov, Vladislav"]
[Black "Weetik, Vjacheslav"]
[WhiteFideId "4123492"]
[BlackFideId "4153472"]
[WhiteElo "2523"]
[BlackElo "2738"]
[Result "0-1"]
[Round "2"]
[TimeControl "180+1"]
[Date "2023.08.01"]
[WhiteClock "0:00:02"]
[BlackClock "0:00:05"]
[Board "71"]

1. d4 Nf6 2. c4 e6 3. Nc3 Bb4 4. e3 O-O 5. Bd3 c5 6. Nf3 Bxc3+ 7. bxc3 d6 8. Qc2 Nc6 9. O-O e5 10. h3 Qe7 11. d5 e4 12. dxc6 exd3 13. Qxd3 bxc6 14. Rd1 Rd8 15. Ba3 Ba6 16. Nd2 Qe6 17. e4 h6 18. Re1 Rd7 19. Re3 Nh5 20. Kh2 Rad8 21. g3 Qg6 22. Qe2 Nf6 23. f4 d5 24. exd5 Nxd5 25. Re8+ Kh7 26. Rxd8 Rxd8 27. Qe4 Nxc3 28. Qxg6+ Kxg6 29. Nf3 f6 30. Bxc5 Ne4 31. Bxa7 Bxc4 32. a4 Rd3 33. Nh4+ Kf7 34. a5 Rd2+ 35. Kg1 Nxg3 36. Bf2 Ne2+ 37. Kf1 Nxf4+ 38. Ke1 Re2+ 39. Kd1 Rxf2 40. Ra3 Ba6 41. Nf5 Rh2 42. Nd4 Rxh3 43. Ra4 Rh1+ 44. Kd2 c5 45. Nb3 Rh2+ 46. Ke3 Rh3+ 47. Kxf4 Rxb3 48. Ra1 g5+ 49. Kg4 Kg6 0-1


[Site "https://www.chess.com"]

[Event "Titled Tuesday Blitz August 1 Early 2023"]
[White "Djordjevic, Vuk"]
[Black "Goltseva, Ekaterina"]
[WhiteFideId "902098"]
[BlackFideId "24173770"]
[WhiteElo "2737"]
[BlackElo "2522"]
[Result "1-0"]
[Round "2"]
[TimeControl "180+1"]
[Date "2023.08.01"]
[WhiteClock "0:01:04"]
[BlackClock "0:00:26"]
[Board "72"]

1. d4 Nf6 2. Bg5 e6 3. e4 h6 4. Bxf6 Qxf6 5. c3 d6 6. Bd3 g5 7. Ne2 Bg7 8. O-O e5 9. Na3 Bg4 10. h3 Bh5 11. Qb3 b6 12. Nb5 Qe7 13. Ng3 Bg6 14. Qd5 c6 15. Qxd6 cxb5 16. Qd5 O-O 17. Qxa8 exd4 18. Bxb5 dxc3 19. bxc3 Bxc3 20. Rac1 Bd4 21. Qd5 Bc5 22. Nf5 Bxf5 23. Qxf5 a6 24. Ba4 Qe6 25. Qxe6 fxe6 26. g3 Kf7 27. Kg2 Ke7 28. f4 gxf4 29. Rxf4 Rg8 30. Rcf1 Rg7 31. Rf8 Nd7 32. Bxd7 Kxd7 33. R8f7+ Rxf7 34. Rxf7+ Kc6 35. Rf6 Kd6 36. Rxh6 Be3 37. Rh8 Ke5 38. Kf3 Bd4 39. Rh5+ Kd6 40. h4 b5 41. Rg5 b4 42. Ra5 Bc5 43. Rxa6+ Ke5 44. Ra5 Kd4 45. Rxc5 Kxc5 46. h5 Kc4 47. h6 Kc3 48. h7 Kb2 49. h8=Q+ Kxa2 50. Qg8 b3 51. Qxe6 Ka1 52. Qd6 b2 53. Qa3+ Kb1 54. Qxb2+ Kxb2 55. e5 1-0


[Site "https://www.chess.com"]

[Event "Titled Tuesday Blitz August 1 Early 2023"]
[White "Berezin, Viktor"]
[Black "Idani, Pouya"]
[WhiteFideId "14107872"]
[BlackFideId "12510130"]
[WhiteElo "2522"]
[BlackElo "2731"]
[Result "0-1"]
[Round "2"]
[TimeControl "180+1"]
[Date "2023.08.01"]
[WhiteClock "0:00:02"]
[BlackClock "0:00:25"]
[Board "73"]

1. d4 Nf6 2. Nf3 d5 3. c4 e6 4. g3 Bb4+ 5. Bd2 a5 6. Bg2 O-O 7. Qc2 c5 8. O-O cxd4 9. Nxd4 e5 10. Nb5 d4 11. c5 Na6 12. Nd6 Qc7 13. Bxb4 Nxb4 14. Qc4 Be6 15. Qb5 Nc2 16. Na3 Nxa1 17. Rxa1 Rab8 18. Nac4 Nd7 19. Rc1 b6 20. c6 Nc5 21. b4 axb4 22. Qxb4 e4 23. Nxe4 d3 24. e3 Nxe4 25. Bxe4 Rfd8 26. Nd2 Bxa2 27. Rc3 Bd5 28. Bxd3 Bxc6 29. Nb3 Qd6 30. Qh4 g6 31. Nd4 Bd7 32. Nf3 h5 33. Ng5 Kg7 34. Ne4 Qe6 35. Bc4 Qf5 36. Nd6 Qe5 37. Nxf7 Qxc3 38. Bd5 Qf6 39. Qe4 Bf5 40. Qf4 Rxd5 41. Qh6+ Kxf7 42. Qh7+ Qg7 43. Qxg6+ Qxg6 0-1


[Site "https://www.chess.com"]

[Event "Titled Tuesday Blitz August 1 Early 2023"]
[White "Preotu, Razvan"]
[Black "Keleberda, Tymur"]
[WhiteFideId "2613280"]
[BlackFideId "14174294"]
[WhiteElo "2730"]
[BlackElo "2521"]
[Result "1-0"]
[Round "2"]
[TimeControl "180+1"]
[Date "2023.08.01"]
[WhiteClock "0:00:26"]
[BlackClock "0:00:12"]
[Board "74"]

1. e4 c5 2. Nf3 d6 3. d4 cxd4 4. Nxd4 Nf6 5. Nc3 a6 6. Be3 e5 7. Nb3 Be7 8. h3 O-O 9. g4 h6 10. Qd2 Nh7 11. O-O-O Be6 12. Nd5 Bg5 13. Kb1 Bxd5 14. Qxd5 Bxe3 15. fxe3 Nc6 16. Qxd6 Qg5 17. Bc4 Qxe3 18. Bd5 Nf6 19. Qc5 Qf3 20. Qb6 Nxe4 21. Nc5 Nc3+ 22. bxc3 Qxc3 23. Ne4 Qa3 24. Qb3 Qe7 25. c3 Rac8 26. Rhf1 Na5 27. Qb4 Qc7 28. Nd6 Rcd8 29. Nxf7 Rxd5 30. Rxd5 Nc6 31. Qb3 Rxf7 32. Rxf7 Qxf7 33. Rd7 Qxb3+ 34. axb3 b5 35. Rd6 Na5 36. Kc2 Nb7 37. Rxa6 Nc5 38. Ra5 Kf7 39. Rxb5 Nd7 40. Rb7 Ke6 41. Rxd7 Kxd7 42. Kd3 Kd6 43. Ke4 g6 44. h4 Ke6 45. g5 h5 46. b4 Kd6 47. c4 Ke6 48. c5 1-0


[Site "https://www.chess.com"]

[Event "Titled Tuesday Blitz August 1 Early 2023"]
[White "Amilal Munkhdalai"]
[Black "nycjack1"]
[WhiteFideId "4903250"]
[WhiteElo "2729"]
[BlackElo "2519"]
[Result "1/2-1/2"]
[Round "2"]
[TimeControl "180+1"]
[Date "2023.08.01"]
[WhiteClock "0:00:17"]
[BlackClock "0:00:19"]
[Board "75"]

1. e4 c5 2. Nf3 e6 3. d4 cxd4 4. Nxd4 Nc6 5. Nb5 d6 6. c4 Nf6 7. N1c3 a6 8. Nd4 d5 9. Nxc6 bxc6 10. exd5 cxd5 11. cxd5 Nxd5 12. Nxd5 Qxd5 13. Qxd5 exd5 14. Bd3 Be6 15. O-O Be7 16. b3 Bf6 17. Rb1 O-O 18. Bb2 d4 19. Rfd1 Rfd8 20. Rbc1 a5 21. Bc4 Bf5 22. Bd3 Be6 23. Be4 Ra7 24. f4 g6 25. Rf1 Kg7 26. f5 Bd5 27. Bxd5 Rxd5 28. fxg6 hxg6 29. Rf3 Rad7 30. Rd1 Be5 31. Kf1 f6 32. h3 Rc7 33. Rd2 g5 34. Rfd3 Kg6 35. Ke2 Bf4 36. Rxd4 Re5+ 37. Kd1 Bxd2 38. Rxd2 Rf5 39. Ke1 Rc6 40. Re2 Rfc5 41. Kd1 Rd5+ 42. Ke1 Rdd6 43. Kf2 Re6 44. Rd2 Rcd6 45. Rc2 Rc6 46. Rd2 Re4 47. g4 a4 48. bxa4 Rxa4 49. a3 Rf4+ 50. Kg2 Re4 51. Rf2 Rce6 52. Kf1 Re1+ 53. Kg2 R1e2 54. Bd4 Rxf2+ 55. Bxf2 Re2 56. Kf3 Rc2 57. Be1 Rc1 58. Bb4 Rb1 59. Kg2 Rb3 60. Bc5 f5 61. gxf5+ Kxf5 62. Bd6 Ke4 63. Bb4 Kf4 64. Bd6+ Kf5 65. Bb4 Kg6 66. Bd6 Kh5 67. Bc5 Kh6 68. Bb4 Kg6 69. Bc5 Kh5 70. Bb4 Kh4 71. Be1+ Kh5 72. Bb4 Kg6 1/2-1/2


[Site "https://www.chess.com"]

[Event "Titled Tuesday Blitz August 1 Early 2023"]
[White "Ordekalog"]
[Black "Yanchenko, Roman"]
[BlackFideId "4137329"]
[WhiteElo "2517"]
[BlackElo "2728"]
[Result "1/2-1/2"]
[Round "2"]
[TimeControl "180+1"]
[Date "2023.08.01"]
[WhiteClock "0:00:10"]
[BlackClock "0:00:15"]
[Board "76"]

1. d4 d5 2. c4 c6 3. cxd5 cxd5 4. Nc3 Nf6 5. Bf4 a6 6. e3 Nc6 7. Nf3 e6 8. Bd3 Bd6 9. O-O Bxf4 10. exf4 O-O 11. Qd2 b5 12. Rac1 Qb6 13. a3 Bd7 14. Bb1 Rfc8 15. Rfe1 Na5 16. Ne5 g6 17. Nxd7 Nxd7 18. f5 Nb3 19. Qh6 Qxd4 20. fxe6 fxe6 21. Rcd1 Qf6 22. Ne4 Qg7 23. Qh3 Nf8 24. Qxb3 dxe4 25. Bxe4 Rab8 26. h4 Rd8 27. Rxd8 Rxd8 28. h5 gxh5 29. Qh3 Qg4 30. Qe3 Ng6 31. Bf3 Qf5 32. Qxe6+ Qxe6 33. Rxe6 Rd2 34. Rxa6 Rxb2 35. Bxh5 Nf4 36. Bf3 Nd3 37. Bd5+ Kg7 38. Ra7+ Kh6 39. Bg8 Nxf2 40. Rxh7+ Kg6 41. Rh4 Kg5 42. Rb4 Rxb4 43. axb4 Nd3 44. Be6 Nxb4 45. Bd7 Nd5 46. Bxb5 Ne3 47. g3 Nf5 48. Kf2 Nxg3 1/2-1/2


[Site "https://www.chess.com"]